 Dungeon Crawl Stone Soup version 0.17-a0-1910-g4c791fa (webtiles) character file.

343 graki42 the Shield-Bearer (level 6, -10/50 HPs)
             Began as a Hill Orc Fighter on Sept 25, 2015.
             Killed by nerve-wracking pain
             ... invoked by an orc priest
              (13 damage)
             ... on level 5 of the Dungeon.
             The game lasted 00:10:32 (3332 turns).

graki42 the Shield-Bearer (Hill Orc Fighter)        Turns: 3332, Time: 00:10:32

Health: -10/50     AC: 12    Str: 21      XL:     6   Next: 57%
Magic:  6/6        EV:  7    Int:  8      God:
Gold:   234        SH: 10    Dex:  9 (10) Spells: 0 memorised, 5 levels left

rFire  . . .     SeeInvis .     h - +2 hand axe (chop)
rCold  . . .     Clarity  .     b - +0 scale mail
rNeg   . . .     SustAt   .     c - +0 shield
rPois  .         Gourm    .     (no helmet)
rElec  .         Spirit   .     j - +0 cloak
rCorr  .         Warding  .     (no gloves)
rMut   .         Stasis   .     (no boots)
MR     +....                    (no amulet)
Stlth  ..........               (no ring)
                                o - ring of protection from magic

@: somewhat resistant to hostile enchantments, extremely unstealthy
A: iridescent scales 1, deterioration 1, frail 1
a: Convert to Beogh


You were on level 5 of the Dungeon.
You were not hungry.

You visited 1 branch of the dungeon, and saw 5 of its levels.

You collected 234 gold pieces.

Inventory:

Hand weapons
 h - a +2 hand axe of chopping (weapon)
Missiles
 q - 2 throwing nets (quivered)
Armour
 b - a +0 scale mail (worn)
 c - a +0 shield (worn)
 j - a +0 cloak (worn)
Jewellery
 o - a ring of protection from magic (left hand)
 v - an uncursed ring of protection from magic
Scrolls
 i - 2 scrolls of identify
 k - a scroll of enchant weapon
Potions
 a - 4 potions of brilliance
 d - 3 potions of might
 m - a potion of cure mutation
 s - 3 potions of heal wounds
Comestibles
 e - 2 bread rations
 f - 6 meat rations
 g - a chunk of flesh
 l - a slice of pizza
 n - 2 beef jerkies


   Skills:
 + Level 5.0 Fighting
 + Level 4.2 Axes
 + Level 5.1 Armour
 + Level 5.2 Shields


You had 5 spell levels left.
You didn't know any spells.

Dungeon Overview and Level Annotations

Branches:
Dungeon (5/15)
 Temple: D:4-7

Altars:
Trog

Shops:
D:4 ?


Innate Abilities, Weirdness & Mutations

You are partially covered in iridescent scales (AC +4).
Your body sometimes deteriorates upon taking damage.
You are frail (-10% HP).


Message History

The orc wizard is moderately wounded.
You block the orc wizard's attack.
You barely miss the orc wizard.
The orc wizard is moderately wounded.
The orc wizard hits you but does no damage.
The orc wizard hits you with a dagger.
* * * LOW HITPOINT WARNING * * *
You slash the orc wizard!
You kill the orc wizard!
The orc priest invokes the aid of Beogh against you.
Pain shoots through your body!
* * * LOW HITPOINT WARNING * * *
The orc priest barely misses you.
Things that are here:
a dagger; a robe You hit the orc priest.
The orc priest is lightly wounded.
The orc priest calls down the wrath of Beogh upon you.
Pain shoots through your body!
You die...

#..##.....#
#....<....#
#.###.....#
#.# ##...##
#.# ##.## #.#
#.# #.# #.#
##########.#
#.#
.....oo@...#
#†#
############
#.#
###########.#
#.......>...#
#.###########
#.# #.# #.#
#.#


You could see an orc priest and an orc.

Vanquished Creatures
  A hound (D:4)
  An orc wizard (D:5)
  2 worker ants (D:4)
  A giant frog skeleton (D:5)
  An iguana (D:5)
  A hound zombie (D:5)
  6 adders
  4 gnolls
  An ooze (D:1)
  A worm (D:4)
  4 giant geckos
  3 orcs (D:4)
  4 giant cockroaches
  11 hobgoblins
  16 kobolds
  A quokka (D:3)
  3 ball pythons
  6 bats
  2 giant gecko zombies (D:1)
  A giant newt (D:2)
  5 goblins
  A quokka skeleton (D:4)
  4 rats (D:1)
80 creatures vanquished.

Notes
Turn   | Place    | Note
--------------------------------------------------------------
     0 | D:1      | graki42 the Hill Orc Fighter began the quest for the Orb.
     0 | D:1      | Reached XP level 1. HP: 19/19 MP: 1/1
   121 | D:1      | Reached XP level 2. HP: 14/27 MP: 2/2
   342 | D:1      | Reached skill level 4 in Fighting
   490 | D:1      | Reached XP level 3. HP: 28/33 MP: 3/3
  1201 | D:2      | Reached XP level 4. HP: 41/41 MP: 4/4
  1902 | D:3      | Reached XP level 5. HP: 40/47 MP: 5/5
  1904 | D:3      | Found a bloodstained altar of Trog.
  2315 | D:4      | Gained mutation: You are frail (-10% HP). [potion of mutation]
  2315 | D:4      | Gained mutation: You are partially covered in iridescent scales (AC +4). [potion of mutation]
  2315 | D:4      | Gained mutation: Your body sometimes deteriorates upon taking damage. [potion of mutation]
  2376 | D:4      | Found Bisalyish's Magic Scroll Shoppe.
  2839 | D:4      | Reached XP level 6. HP: 40/49 MP: 6/6
  3086 | D:5      | Entered Level 5 of the Dungeon
  3126 | D:5      | Reached skill level 5 in Fighting
  3130 | D:5      | Reached skill level 5 in Shields
  3138 | D:5      | Reached skill level 5 in Armour
  3332 | D:5      | Killed from afar by an orc priest

Vault maps used:
D:1:      saegor_arrival_fortress, st_stairs_10
D:2:      first_bread, serial_aquarium, aquarium_bridge_square,
          aquarium_bridge_long_separate, aquarium_window_fake,
          aquarium_window_corridor_1, aquarium_window_fake, aquarium_window_2,
          aquarium_view_2g, aquarium_view_2c, aquarium_balcony_5a,
          aquarium_pool_double, lemuel_flame_loot_1
D:3:      trog_hazing_becter
D:4:      serial_shops, nicolae_shop_window_shopping
D:5:      minmay_temple_entry_junction, uniq_prince_ribbit1

Action                   |  1- 3 |  4- 6 || total
-------------------------+-------+-------++-------
Melee: Hand axe          |    85 |   192 ||   277
       War axe           |    10 |       ||    10
  Use: Scroll            |       |     8 ||     8
       Potion            |       |     3 ||     3
  Eat: Chunk             |     1 |     7 ||     8
